 Dungeon Crawl Stone Soup version 0.30-a0-1066-g63dfefce0d (webtiles) character file.

Game seed: 16523641858587398826

67 Farfigtubin the Chopper (level 4, -1/41 HPs)
             Began as a Hill Orc Fighter on Apr 12, 2023.
             Succumbed to a water moccasin's poison
             ... on level 3 of the Dungeon.
             The game lasted 00:06:59 (631 turns).

Farfigtubin the Chopper (Hill Orc Fighter)           Turns: 631, Time: 00:06:59

Health: -1/41      AC:  6    Str: 20    XL:     4   Next: 16%
Magic:  4/4        EV:  9    Int:  8    God:
Gold:   85         SH:  4    Dex: 10    Spells: 3/3 levels left

rFire   . . .      SeeInvis .    a - +0 war axe
rCold   . . .      Faith    .    c - +0 buckler
rNeg    . . .      Spirit   .    b - +0 scale mail
rPois   .          Reflect  .    (no helmet)
rElec   .          Rampage  .    (no cloak)
rCorr   .                        (no gloves)
Will    .....                    (no boots) Stlth
                                 (no amulet)
HPRegen 0.26/turn                (no ring)
MPRegen 0.09/turn                (no ring)

@: lethally poisoned (-1 -> -7)
A: no striking features
a: no special abilities


You were on level 3 of the Dungeon.
You visited 1 branch of the dungeon, and saw 3 of its levels.

You collected 85 gold pieces.

Inventory:

Hand Weapons
 a - a +0 war axe (weapon)
Missiles
 i - 5 stones (quivered)
Armour
 b - a +0 scale mail (worn)
 c - a +0 buckler (worn)
Jewellery
 h - a ring of flight
Scrolls
 m - a scroll of teleportation {unknown}
Potions
 d - a potion of might
 e - a potion of degeneration {unknown}
 f - 2 potions of heal wounds {unknown}
 g - 2 potions of mutation {unknown}
 j - a potion of resistance {unknown}
 k - a potion of magic {unknown}
 l - a potion of curing {unknown}


   Skills:
 + Level 4.4 Fighting
 * Level 5.0 Axes
 - Level 3.2 Armour
 - Level 3.2 Shields


You had 3 spell levels left.
You didn't know any spells.
Your spell library was empty.

Dungeon Overview and Level Annotations

Branches:
Dungeon (3/15)

Altars:

Shops:
D:3 *


Message History

The water moccasin barely misses you. The water moccasin bites you.
You are poisoned.
The water moccasin poisons you!
You barely miss the water moccasin.
The water moccasin is heavily wounded.
You feel very sick. The water moccasin bites you.
You hit the water moccasin.
The water moccasin is severely wounded.
You feel very sick.
The water moccasin bites you but does no damage.
The water moccasin closely misses you.
You hit the water moccasin.
The water moccasin is almost dead.
You feel sick. The water moccasin bites you. x2
You are lethally poisoned!
The water moccasin poisons you!
You miss the water moccasin.
The water moccasin is almost dead.
* * * LOW HITPOINT WARNING * * *
You feel very sick. You block the water moccasin's attack.
The water moccasin barely misses you.
You closely miss the water moccasin.
The water moccasin is almost dead.
* * * LOW HITPOINT WARNING * * *
You feel very sick. The water moccasin barely misses you.
You closely miss the water moccasin.
The water moccasin is almost dead.
* * * LOW HITPOINT WARNING * * *
You feel very sick. The water moccasin barely misses you.
The water moccasin misses you.
You miss the water moccasin.
The water moccasin is almost dead.
* * * LOW HITPOINT WARNING * * *
You feel sick. The water moccasin barely misses you.
You block the water moccasin's attack.
You hit the water moccasin.
The water moccasin is almost dead.
You die...

..###.# .......
....... ....... .
## ##..).... ..##
..######......
....###
#........S.#
..#...###..# #@#
#..##.#....# #.#
#........#.# #.#
##.∩.#....# #.#
#.....†)#.#####.#
###.####.........#
.....#
##..####..##
.###.# ##.# ##...#
. ## .#
#.###..#......


You could see a water moccasin.

Vanquished Creatures
  Jessica (D:2)
  2 adders (D:2)
  A dart slug (D:1)
  A ball python (D:2)
  A bat (D:2)
  3 endoplasms (D:3)
  3 giant cockroaches
  A goblin (D:3)
  A jackal (D:1)
  2 quokkas
  3 kobolds
  A rat (D:3)
20 creatures vanquished.

Notes
Turn   | Place    | Note
-------+----------+-------------------------------------------
     0 | D:1      | Farfigtubin the Hill Orc Fighter began the quest for the
                  | Orb.
     0 | D:1      | Reached XP level 1. HP: 19/19 MP: 1/1
    34 | D:1      | Reached skill level 3 in Axes
   112 | D:1      | Reached XP level 2. HP: 27/27 MP: 2/2
   219 | D:2      | Reached skill level 4 in Axes
   219 | D:2      | Reached XP level 3. HP: 20/33 MP: 3/3
   232 | D:2      | Noticed Jessica
   236 | D:2      | Killed Jessica
   437 | D:2      | Reached XP level 4. HP: 41/41 MP: 4/4
   507 | D:3      | Found a faded altar of an unknown god.
   567 | D:3      | Found Loulaplo's General Store.
   607 | D:3      | Reached skill level 5 in Axes
   619 | D:3      | Noticed a water moccasin
   629 | D:3      | HP: 2/41 [poisoned by a water moccasin]
   631 | D:3      | Succumbed to a water moccasin's poison

Illustrated notes

Levels and vault maps discovered:
D:1:      dpeg_arrival_tiny_g, layout_basic, kennysheep_nondescript,
          grunt_decor_arrowhead, minmay_tetromino_t2
D:2:      layout_loops_corners, basic_altar, nicolae_kite_square_tiling_tiny,
          uniq_jessica
D:3:      layout_rooms, serial_shops, nicolae_shop_stone,
          hellmonk_ecumenical_altar_leap_of_faith, uniq_ijyb

Skill      XL: |  1  2  3  4 |
---------------+-------------+-----
Axes           | 3 4 5 |  5.0
Fighting       | 4 |  4.4
Armour         | |  3.2
Shields        | |  3.2

Action                     |  1- 3 |  4- 6 || total
---------------------------+-------+-------++-------
  Melee: War axe           |    50 |    40 ||    90
 Armour: Scale mail        |    19 |    14 ||    33
  Dodge: Dodged            |    33 |    16 ||    49
  Block: Buckler           |    11 |    11 ||    22

Table legend: (Time is in decaauts)
 A = Elapsed time spent in this place.
 B = Non-inter-level travel time spent in this place.
 C = Inter-level travel time spent in this place.
 D = Time resting spent in this place.
 E = Time spent auto-exploring this place.
 F = Levels seen in this place.
 G = Mean time per level.
                   A        B        C        D        E       F      G
               +--------+--------+--------+--------+--------+-----+--------+
         Total |    660 |    650 |     10 |     48 |     63 |   3 |  220.0 |
       Dungeon |    660 |    650 |     10 |     48 |     63 |   3 |  220.0 |
               +--------+--------+--------+--------+--------+-----+--------+

Top non-repeatable levels by time:
     D:2: 320 daAuts
     D:1: 205 daAuts
     D:3: 134 daAuts
